 Dungeon Crawl Stone Soup version 0.31.0-10-gcf4a605ca0 (webtiles) character file.

Game seed: 6454120278552491165

917 Aldia the Ruffian (level 8, 0/61 HPs)
             Began as a Merfolk Shapeshifter on Jan 26, 2024.
             Slain by a centaur (2 damage)
             ... on level 5 of the Dungeon.
             The game lasted 00:06:08 (4978 turns).

Aldia the Ruffian (Merfolk Shapeshifter)            Turns: 4978, Time: 00:06:09

Health: 0/61       AC:  2    Str: 17    XL:     8   Next: 9%
Magic:  8/8        EV: 13    Int:  9    God:
Gold:   407        SH:  0    Dex: 13    Spells: 5/7 levels left

rFire   . .          .
                       - Unarmed
rCold   . . .        (no shield)
rNeg    . . .        a - +0 animal skin
rPois   .            (helmet currently unavailable)
rElec   .            (cloak currently unavailable)
rCorr   .            (gloves currently unavailable)
SInv    .            (boots currently unavailable)
Will    .....        (no amulet)
Stlth   +            (no ring)
HPRegen 0.30/turn    (no ring)
MPRegen 0.11/turn

%: no passive effects
@: beast-form
A: beast (slay +3), (nimble swimmer 2), mertail
a: Begin Untransformation


You were on level 5 of the Dungeon.
You were a hulking beast.
You visited 1 branch of the dungeon, and saw 5 of its levels.

You collected 407 gold pieces.

Inventory:

Hand Weapons
 e - a +0 spear
Missiles
 k - 5 javelins (quivered)
 o - 9 curare-tipped darts
Armour
 a - a +0 animal skin (worn)
 f - a +0 pair of boots
 i - a +0 helmet
 u - a +0 pair of gloves
Jewellery
 q - an amulet of magic regeneration
Talismans
 c - a beast talisman
 d - a flux talisman
Wands
 r - a wand of mindburst (12)
Scrolls
 b - a scroll of immolation {unknown}
 g - a scroll of identify
 m - a scroll of noise
 t - 2 scrolls of teleportation {unknown}
 v - 3 scrolls of fog {unknown}
Potions
 h - 2 potions of heal wounds {unknown}
 j - 3 potions of curing
 l - a potion of enlightenment {unknown}
 n - a potion of might {unknown}
 p - a potion of mutation {unknown}
 s - 2 potions of haste {unknown}


   Skills:
 + Level 4.7 Fighting
 - Level 4.0 Dodging
 * Level 7.5 Unarmed Combat
 + Level 6.5 Shapeshifting


You had 5 spell levels left.
You knew the following spells:

 Your Spells              Type           Power      Damage    Failure   Level
a - Blink                 Tloc           0%         N/A       52%         2

Your spell library contained the following spells:

 Spells                   Type           Power      Damage    Failure   Level
 Lesser Beckoning         Tloc           0%         N/A       52%         2
 Momentum Strike          Conj/Tloc      0%         3d8       52%         2
 Fugue of the Fallen      Necr           0%         N/A       77%         3
 Ozocubu's Armour         Ice            0%         N/A       77%         3
 Tukima's Dance           Hex            0%         N/A       77%         3
 Volatile Blastmotes      Fire/Tloc      0%         2d10      77%         3
 Dimensional Bullseye     Hex/Tloc       0%         N/A       99%         4
 Fulminant Prism          Conj/Alch      0%         3d5       99%         4
 Iskenderun's Mystic Bla  Conj/Tloc      0%         2d3       99%         4
 Manifold Assault         Tloc           0%         N/A       99%         4


Dungeon Overview and Level Annotations

Branches:
Dungeon (5/15)
 Temple: D:4-7

Altars:

Shops:
D:5 *


Innate Abilities, Weirdness & Mutations

You are a hulking beast.
Your limbs bulge with bestial killing power. (Slay +3)
((You are very nimble when in or above water. (Stealth+, EV+, Speed+++)))
Your lower body shifts to a powerful aquatic tail in water.


Message History

The hound is almost dead.
The hound closely misses you.
You punch the hound!
You kill the hound!
No target in view!
No target in view!
A centaur comes into view.
The centaur wields a +0 orcbow.
The centaur shoots an arrow.
The arrow hits you!
The centaur shoots an arrow.
The arrow hits you.
The centaur shoots an arrow.
The arrow closely misses you.
The centaur shoots an arrow.
The arrow hits you!
The centaur shoots an arrow.
The arrow hits you.
The centaur shoots an arrow.
The arrow hits you!
You are too injured to fight recklessly!
You are too injured to fight recklessly!
You are too injured to fight recklessly!
The centaur shoots an arrow.
The arrow hits you!
* * * LOW HITPOINT WARNING * * *
The centaur unwields a +0 orcbow.
The centaur barely misses you. The centaur kicks you.
* * * LOW HITPOINT WARNING * * *
The centaur hits you.
* * * LOW HITPOINT WARNING * * *
The centaur kicks you.
* * * LOW HITPOINT WARNING * * *
You closely miss the centaur. The centaur hits you.
* * * LOW HITPOINT WARNING * * *
The centaur kicks you.
* * * LOW HITPOINT WARNING * * *
You hit the centaur.
The centaur is lightly wounded.
The centaur hits you.
* * * LOW HITPOINT WARNING * * *
The centaur kicks you.
* * * LOW HITPOINT WARNING * * *
You hit the centaur.
The centaur is moderately wounded.
The centaur barely misses you. The centaur kicks you.
You die...

##.....##
##...## #
###.# ..###
#.# .....#
#.##
......##..#
..........#
..........#
.......h..#
......c$...#
#..........#
##..........#
####.###.###
## .# .# ##


You could see a centaur.

Vanquished Creatures
  Sigmund (D:5)
  A black bear (D:5)
  3 ogres
  A howler monkey (D:5)
  2 hounds
  2 jellies
  Jessica (D:2)
  2 iguanas (D:5)
  An orc wizard (D:5)
  Robin (D:2)
  A gnoll (D:2)
  3 adders
  2 ufetubi (D:5)
  A ribbon worm (D:2)
  14 orcs
  4 ball pythons
  7 bats
  4 endoplasms
  4 giant cockroaches
  16 goblins
  9 hobgoblins
  6 jackals
  5 quokkas
  A frilled lizard (D:1)
  4 kobolds
  9 rats
105 creatures vanquished.

Notes
Turn   | Place    | Note
-------+----------+-------------------------------------------
     0 | D:1      | Aldia the Merfolk Shapeshifter began the quest for the Orb.
     0 | D:1      | Reached XP level 1. HP: 15/15 MP: 1/1
    61 | D:1      | You fall into a shaft and drop 1 floor!
   146 | D:1      | Reached XP level 2. HP: 20/21 MP: 2/2
  1018 | D:2      | Reached XP level 3. HP: 24/26 MP: 3/3
  1072 | D:2      | Reached skill level 4 in Unarmed Combat
  1111 | D:2      | Noticed Robin
  1149 | D:2      | Reached XP level 4. HP: 23/33 MP: 4/4
  1153 | D:2      | Killed Robin
  1266 | D:2      | Learned a level 2 spell: Blink
  1344 | D:2      | Noticed Jessica
  1350 | D:2      | Killed Jessica
  1691 | D:3      | Reached XP level 5. HP: 22/39 MP: 5/5
  2888 | D:4      | Reached skill level 5 in Unarmed Combat
  2988 | D:4      | Reached skill level 5 in Shapeshifting
  2988 | D:4      | Reached XP level 6. HP: 24/47 MP: 6/6
  3694 | D:5      | Entered Level 5 of the Dungeon
  3982 | D:5      | Noticed Sigmund
  4214 | D:5      | Noticed a black bear
  4225 | D:5      | Killed a black bear
  4226 | D:5      | Reached skill level 6 in Unarmed Combat
  4226 | D:5      | Reached XP level 7. HP: 43/53 MP: 7/7
  4509 | D:5      | Found Ynanuafats's Elemental Accessories.
  4519 | D:5      | Killed Sigmund
  4520 | D:5      | Reached skill level 7 in Unarmed Combat
  4734 | D:5      | Reached XP level 8. HP: 61/61 MP: 8/8
  4977 | D:5      | HP: 2/61 [centaur (2)]
  4978 | D:5      | Slain by a centaur

Illustrated notes

Levels and vault maps discovered:
D:1:      ncdulo_smallfort, layout_loops_corners, minmay_gold_behind_fungi,
          minmay_3d_cube
D:2:      layout_rooms, skrybe_limestone_x, cheibrodos_gnoll_hut, uniq_jessica,
          uniq_robin
D:3:      layout_loops_corners
D:4:      layout_basic, nicolae_the_louvre
D:5:      layout_cave_pods, grunt_decor_cap, hex_tiny,
          chequers_serial_rivers_micro_e, nicolae_elemental_shop, uniq_sigmund

Skill      XL: |  1  2  3  4  5  6  7 |
---------------+----------------------+-----
Dodging        | 3 4 |  4.0
Unarmed Combat | 4 5 6 7 |  7.5
Fighting       | 2 3 4 |  4.7
Shapeshifting  | 5 6 |  6.5

Action                     |  1- 3 |  4- 6 |  7- 9 || total
---------------------------+-------+-------+-------++-------
  Melee: Unarmed           |   100 |   153 |    41 ||   294
         Punch             |     2 |     2 |     2 ||     6
    Use: Potion            |     1 |     1 |     1 ||     3
         Scroll            |       |     5 |       ||     5
   Stab: Sleeping          |     2 |     1 |     1 ||     4
 Armour: Animal skin       |    42 |    77 |    22 ||   141
         Skin              |    11 |    12 |     2 ||    25
  Dodge: Dodged            |    46 |    96 |    40 ||   182
